AoeStats
← Apex_predator

MegaRandom

510287303Analyzed
2v2 RM · 12h ago on Sep 30, 2026· 24m 37s· 4 players
Game mode
Random Map
Map size
Medium (4 player)
Population
200
Speed
Normal
Resources
Standard
Victory
Conquest
Starting age
Dark Age
Ending age
Imperial Age
RankedLock teamsTeams togetherTeam positionsShared explorationLock speedFull tech treeHidden civsTurbo modeCheats
Victory
Defeat
🇧🇪 Japanese · Belgium
931
+17
🇮🇹 Vietnamese · Italy
846
+20
🇨🇳 Saracens · China
994
-20
🇦🇺 Inca · Australia
904
-17
Overlord
15:10 Feudal Age
16:18 Man-at-Arms
24:23 Castle Age
ALOAMALOA
4:43 Loom
14:39 Feudal Age
17:56 Man-at-Arms
24:42 Double-Bit Axe
24:43 Horse Collar
Apex_predator
12:45 Feudal Age
11:36 Loom
20:03 Arson
22:40 Champi Runner
派大宝
5:47 Loom
13:30 Feudal Age
18:16 Bloodlines
19:41 Forging
25:16 Castle Age
Connection lost

Rejoining the realm…

Still unreachable

The connection could not be restored.

Session expired

The server has moved on; the page needs a fresh start.